 Dungeon Crawl Stone Soup version 0.31-a0-263-ge8cad7f256 (webtiles) character file.

Game seed: 16313493521087775874

10 qw the Shooter (level 2, -6/23 HPs)
             Began as a Minotaur Hexslinger on July 13, 2023.
             Mangled by Terence
             ... wielding a +0 flail
              (8 damage)
             ... on level 2 of the Dungeon.
             The game lasted 00:00:14 (828 turns).

qw the Shooter (Minotaur Hexslinger)                 Turns: 828, Time: 00:00:14

Health: -6/23      AC:  5    Str: 12    XL:     2   Next: 10%
Magic:  2/2        EV: 10    Int: 10    God:
Gold:   30         SH:  0    Dex: 12    Spells: 2/3 levels left

rFire   . . .        Y - +1 sling
rCold   . . .        (no shield)
rNeg    . . .        h - +0 ring mail
rPois   .            (helmet restricted)
rElec   .            (no cloak)
rCorr   .            (no gloves)
SInv    .            (no boots)
Will    .....        (no amulet)
Stlth   +            (no ring)
HPRegen 0.23/turn    (no ring)
MPRegen 0.08/turn

%: no passive effects
@: no status effects
A: horns 2, retaliatory headbutt
a: no special abilities


You were on level 2 of the Dungeon.
You visited 1 branch of the dungeon, and saw 2 of its levels.

You collected 30 gold pieces.


Innate Abilities, Weirdness & Mutations

You have a pair of horns on your head.
You reflexively headbutt those who attack you in melee.


   Skills:
 + Level 1.4 Fighting
 - Level 3.1 Ranged Weapons
 - Level 2.1 Dodging
 - Level 1.0 Spellcasting
 - Level 2.0 Hexes


You had 2 spell levels left.
You knew the following spells:

 Your Spells              Type           Power      Damage    Failure   Level
a - Slow                  Hex            16%        N/A       34%         1

Your spell library contained the following spells:

 Spells                   Type           Power      Damage    Failure   Level
 Inner Flame              Hex/Fire       2%         N/A       83%         3
 Portal Projectile        Hex/Tloc       4%         N/A       83%         3
 Cause Fear               Hex            2%         N/A       98%         4

Inventory:

Hand Weapons
 Y - a +1 sling (weapon)
Armour
 h - a +0 ring mail (worn)
Jewellery
 k - a ring of fire
Potions
 a - a potion of ambrosia {unknown}
 b - a potion of berserk rage {unknown}
 f - 3 potions of curing
 i - a potion of invisibility {unknown}

Dungeon Overview and Level Annotations

Branches:
Dungeon (2/15)

Altars:

Shops:
D:1 [

Annotations:
D:2 Terence


Message History

Terence asks, "Do you want it fast or slow?"
Terence hits you with a +0 flail. x2
817 ||| DRINKING potion of heal wounds.
You feel much better. Terence barely misses you.
You shoot a sling bullet.
The sling bullet closely misses Terence.
Terence closely misses you.
You shoot a sling bullet.
The sling bullet closely misses Terence.
Terence hits you with a +0 flail!
You shoot a sling bullet. The sling bullet barely misses Terence.
Terence misses you.
You shoot a sling bullet. The sling bullet barely misses Terence.
Terence hits you with a +0 flail. Terence barely misses you.
You shoot a sling bullet.
The sling bullet hits Terence but does no damage.
Terence is moderately wounded.
Terence shouts, "Now you die!" Terence hits you but does no damage.
You shoot a sling bullet.
The sling bullet hits Terence but does no damage.
Terence is moderately wounded.
Terence barely misses you. Terence closely misses you.
You shoot a sling bullet.
The sling bullet hits Terence but does no damage.
Terence is moderately wounded.
Terence closely misses you.
You shoot a sling bullet. The sling bullet hits Terence.
Terence is severely wounded.
Terence barely misses you.
You shoot a sling bullet.
The sling bullet hits Terence but does no damage.
Terence is severely wounded.
Terence barely misses you. Terence hits you with a +0 flail.
You shoot a sling bullet. The sling bullet barely misses Terence.
Terence hits you with a +0 flail!
You shoot a sling bullet.
The sling bullet closely misses Terence.
Terence hits you with a +0 flail!
You die...

#..#.# ### #..#.#.#
#.. #..#.#.#
#.##########..#.#.###
.....................
................#..##
#.##########....#..#
.....<# #..#.#@.#
#.##### #..#.@..# #.#
#..#....# #.#
#..#....# #..
#..#.#..# ###
#..#.#..# #..#.#..#
#..#.#... ####.#....


You could see Terence.

Vanquished Creatures
  A dart slug (D:1)
  An endoplasm (D:1)
  2 goblins (D:1)
  A kobold (D:1)
  A quokka (D:1)
  A rat (D:2)
7 creatures vanquished.

Notes
Turn   | Place    | Note
-------+----------+-------------------------------------------
     0 | D:1      | qw the Minotaur Hexslinger began the quest for the Orb.
     0 | D:1      | Reached XP level 1. HP: 16/16 MP: 1/1
     0 | D:1      | 0 ||| qw: Version: 0.3-a-52-g30416fa
     0 | D:1      | 0 ||| qw: Game counter: 7437
     0 | D:1      | 0 ||| qw: Melee chars always use a shield: true
     0 | D:1      | 0 ||| qw: God list: Okawaru
     0 | D:1      | 0 ||| qw: Allow faded altars: false
     0 | D:1      | 0 ||| qw: Do Orc after clearing Dungeon:15 true
     0 | D:1      | 0 ||| qw: Do second Lair branch before Depths: true
     0 | D:1      | 0 ||| qw: Lair rune preference: random
     0 | D:1      | 0 ||| qw: Goals: Normal
     0 | D:1      | 0 ||| PLANNING D:1-11
   164 | D:1      | Found Omaynn's Armour Shop.
   172 | D:1      | 172 ||| SHOPLISTING +0 cloak (54 gold, have 2).
   172 | D:1      | 172 ||| SHOPLISTING +2 cloak of poison resistance (222
                  | gold, have 2).
   429 | D:1      | Reached skill level 3 in Ranged Weapons
   429 | D:1      | Reached XP level 2. HP: 19/23 MP: 2/2
   710 | D:1      | Found a faded altar of an unknown god.
   716 | D:1      | 716 ||| UPGRADING to +0 leather armour.
   726 | D:1      | 726 ||| DROPPING +0 robe.
   727 | D:1      | 727 ||| UPGRADING to +0 ring mail.
   737 | D:1      | 737 ||| DROPPING +0 leather armour.
   738 | D:1      | 738 ||| READING scroll labelled UFUIXZO IZOY.
   739 | D:1      | 739 ||| DRINKING 2 murky white potions.
   740 | D:1      | 740 ||| DRINKING 4 sedimented silvery potions.
   741 | D:1      | 741 ||| DRINKING 2 pink potions.
   742 | D:1      | 742 ||| DROPPING scroll of poison.
   743 | D:1      | 743 ||| DROPPING potion of magic.
   811 | D:2      | Noticed Terence
   816 | D:2      | HP: 5/23 [Terence/+0 flail (5)]
   816 | D:2      | HP: 2/23 [Terence/+0 flail (3)]
   817 | D:2      | 817 ||| DRINKING potion of heal wounds.
   827 | D:2      | HP: 2/23 [Terence/+0 flail (9)]
   828 | D:2      | Mangled by Terence

Levels and vault maps discovered:
D:1:      minmay_arrival_five_plusses, layout_basic, serial_shops, shop,
          chequers_ecumenical_altar_lobes, minmay_crystal_water
D:2:      layout_basic, basic_altar, nicolae_houndstooth_variations,
          uniq_terence

Skill      XL: |  1 |
---------------+----+-----
Ranged Weapons | 3 |  3.1
Fighting       | |  1.4
Dodging        | |  2.1
Spellcasting   | |  1.0
Hexes          | |  2.0

Action                     || total
---------------------------++-------
   Fire: Sling             ||    46
    Use: Potion            ||     4
         Scroll            ||     1
 Armour: Robe              ||     2
         Ring mail         ||     1
  Dodge: Dodged            ||    13

Table legend:
 A = Non-vault XP
 B = Vault XP
 C = Vault XP percentage of total XP
 D = Non-vault monster count
 E = Vault monster count
 F = Vault count percentage of total count
                 A         B        C        D         E       F
            +---------+---------+-------+---------+---------+-------
      Total |      15 |       0 |   0.0 |       7 |       0 |   0.0
            +---------+---------+-------+---------+---------+-------
        D:1 |      14 |       0 |   0.0 |       6 |       0 |   0.0
        D:2 |       1 |       0 |   0.0 |       1 |       0 |   0.0
            +---------+---------+-------+---------+---------+-------
